 Dungeon Crawl Stone Soup version 0.28-a0-1518-gbe868bca14 (webtiles) character file.

Game seed: 672158105012409615

223 knot the Chopper (level 5, -2/61 HPs)
             Began as a Demonspawn Berserker on Jan 17, 2022.
             Was a Believer of Trog.
             Slain by a gnoll (4 damage)
             ... on level 4 of the Dungeon.
             The game lasted 00:03:55 (4458 turns).

knot the Chopper (Demonspawn Berserker)             Turns: 4458, Time: 00:03:56

Health: -2/61      AC: 22    Str: 15 (17) XL:     5   Next: 66%
Magic:  5/5        EV:  2    Int: 10 (11) God:    Trog [**....]
Gold:   123        SH:  0    Dex: 10 (12) Spells: 4/4 levels left

rFire   . . .      SeeInvis .   a - +0 hand axe
rCold   . . .      Faith    .   (no shield)
rNeg    . . .      Spirit   .   (armour currently unavailable)
rPois   +          Reflect  .   (helmet currently unavailable)
rElec   .          Harm     .   (cloak currently unavailable)
rCorr   .          Rampage  .   (gloves currently unavailable)
Will    .....      NoTele   +   (boots currently unavailable)
Stlth   +.........              (no amulet)
HPRegen 0.20/turn               (no ring)
MPRegen 0.09/turn               (no ring)

@: tree-form, on berserk cooldown, slowed, very slow
A: stationary, stasis, torment immunity, boosted hp, (claws 2)
a: Renounce Religion, Berserk, Trog's Hand


You were on level 4 of the Dungeon.
You worshipped Trog.
Trog was pleased with you.
You were a tree.
You visited 1 branch of the dungeon, and saw 4 of its levels.

You collected 123 gold pieces.

Inventory:

Hand Weapons
 a - a +0 hand axe (weapon)
Missiles
 c - 22 stones (quivered)
 m - 11 poisoned darts
Armour
 b - a +0 animal skin (melded)
 l - a +0 cloak (melded)
Wands
 n - a wand of flame (10)
Scrolls
 e - 2 scrolls of teleportation {unknown}
 g - a scroll of acquirement {unknown}
 j - a scroll of enchant armour {unknown}
 k - 3 scrolls of identify {unknown}
 o - a scroll of fog {unknown}
Potions
 d - a potion of resistance {unknown}
 f - a potion of degeneration
 h - a potion of cancellation {unknown}
 p - a potion of haste {unknown}


   Skills:
 - Level 3.0 Fighting
 * Level 5.2 Axes
 * Level 2.3 Throwing
 - Level 1.7 Armour
 - Level 1.7 Dodging


You had 4 spell levels left.
You didn't know any spells.
Your spell library contained the following spells:

 Spells                   Type           Power      Damage    Failure   Level
 Pain                     Necr           0%         1d4       36%         1
 Agony                    Necr           0%         N/A       100%        5
 Excruciating Wounds      Necr           0%         N/A       100%        5


Dungeon Overview and Level Annotations

Branches:
Dungeon (4/15)
 Temple: D:4-7

Altars:


Innate Abilities, Weirdness & Mutations

You are a tree.
Your roots penetrate the ground, keeping you stationary.
You cannot be teleported.
You are immune to unholy pain and torment.
Your maximum health is greatly increased.
Your equipment is partially melded.
((You have very sharp fingernails.))


Message History

You hit the orc.
The orc is heavily wounded.
You completely miss the gnoll. You closely miss the orc.
You barely miss something. Something hits you but does no damage.
The orc hits you but does no damage. The gnoll hits you but does no damage.
The orc barely misses you. The gnoll hits you but does no damage.
Something hits you but does no damage. The orc hits you but does no damage.
You hit the orc.
You kill the orc!
Trog accepts your kill.
You hit something but do no damage. You hit the orc. You barely miss the gnoll.
The gnoll hits you from afar with a +0 spear.
* * * LOW HITPOINT WARNING * * *
The gnoll hits you with a +0 club.
* * * LOW HITPOINT WARNING * * *
Something hits you but does no damage.
The orc throws a boomerang.
The orc hits you with a +0 dagger.
* * * LOW HITPOINT WARNING * * *
The gnoll hits you but does no damage. The orc barely misses you.
The gnoll hits you with a +0 club.
* * * LOW HITPOINT WARNING * * *
You closely miss the orc.
The orc is heavily wounded.
You hit something but do no damage. You hit the orc.
You closely miss the gnoll.
Your skin stops crawling.
You feel less strong-willed. The orc hits you but does no damage.
The gnoll hits you but does no damage. The gnoll hits you with a +0 club.
* * * LOW HITPOINT WARNING * * *
The orc hits you but does no damage.
You hit the orc but do no damage.
The orc is heavily wounded.
You hit the gnoll. You barely miss something. You hit the orc.
The gnoll hits you from afar with a +0 spear.
* * * LOW HITPOINT WARNING * * *
The orc hits you but does no damage. The gnoll hits you with a +0 club.
* * * LOW HITPOINT WARNING * * *
Something hits you but does no damage. The orc hits you but does no damage.
The gnoll hits you from afar with a +0 spear.
You die...

#. . .## .g#
#o# #J# #o#
#o# #♣#
#!....g{o.#
....<..g.g...
......###..#.#
..###. ..# # #
.. ... ## .#.
[#.#


You could see 3 gnolls, 4 orcs, an endoplasm and a goblin.

Vanquished Creatures
  Crazy Yiuf (D:3)
  Jessica (D:3)
  Natasha (thrice) (D:3)
  An adder (D:2)
  2 worms (D:2)
  2 dart slugs (D:1)
  4 orcs (D:4)
  10 endoplasms
  A giant cockroach (D:2)
  7 goblins
  5 hobgoblins
  4 jackals (D:3)
  6 kobolds
  4 quokkas
  4 ball pythons
  5 bats
  4 frilled lizards
  9 rats
73 creatures vanquished.

Vanquished Creatures (others)
  20 plants (D:2)
20 creatures vanquished.

Grand Total: 93 creatures vanquished

Notes
Turn   | Place    | Note
-------+----------+-------------------------------------------
     0 | D:1      | knot the Demonspawn Berserker began the quest for the Orb.
     0 | D:1      | Reached XP level 1. HP: 18/18 MP: 1/1
    40 | D:1      | Reached skill level 3 in Axes
   131 | D:1      | Gained mutation: You have sharp fingernails. [demonic
                  | ancestry]
   131 | D:1      | Reached XP level 2. HP: 13/24 MP: 2/2
  1077 | D:1      | Reached ** piety under Trog
  1078 | D:1      | Reached XP level 3. HP: 29/29 MP: 3/3
  1435 | D:2      | Reached skill level 4 in Axes
  2247 | D:2      | Gained mutation: You have very sharp fingernails. [demonic
                  | ancestry]
  2247 | D:2      | Reached XP level 4. HP: 10/35 MP: 4/4
  2750 | D:3      | Noticed Natasha
  2761 | D:3      | Killed Natasha
  3054 | D:3      | Noticed Natasha
  3068 | D:3      | Killed Natasha
  3069 | D:3      | Reached skill level 1 in Throwing
  3273 | D:3      | Noticed Natasha
  3284 | D:3      | Killed Natasha
  3285 | D:3      | Reached XP level 5. HP: 28/41 MP: 5/5
  3695 | D:3      | Noticed Jessica
  3701 | D:3      | Killed Jessica
  3702 | D:3      | Reached skill level 5 in Axes
  4035 | D:3      | Found a runed translucent door.
  4036 | D:3      | Noticed Crazy Yiuf
  4228 | D:3      | Killed Crazy Yiuf
  4458 | D:4      | HP: 2/61 [gnoll (3)]
  4458 | D:4      | Slain by a gnoll

Illustrated notes

Levels and vault maps discovered:
D:1:      lightli_arrival_noodles, layout_basic, kennysheep_minor_cross
D:2:      layout_rooms, serial_bayou, serial_bayou_shore_b, serial_bayou_pond_b,
          serial_bayou_lake_a, serial_bayou_pond_e, serial_bayou_lagoon_a,
          serial_bayou_shore_b
D:3:      layout_rooms, uniq_jessica, uniq_crazy_yiuf_cottage, uniq_natasha
D:4:      layout_loops_ring, kennysheep_generic_room_15

Skill      XL: |  1  2  3  4  5 |
---------------+----------------+-----
Axes           | 3 4 5 |  5.2
Throwing       | 1 2 |  2.3
Fighting       | |  3.0
Armour         | |  1.7
Dodging        | |  1.7

Action                   |  1- 3 |  4- 6 || total
-------------------------+-------+-------++-------
Melee: Hand axe          |   127 |    66 ||   193
       Punch             |     2 |       ||     2
Throw: Dart              |       |     9 ||     9
       Stone             |       |     1 ||     1
Invok: Berserk           |     1 |     6 ||     7
       Trog's Hand       |       |     2 ||     2
  Use: Potion            |       |     2 ||     2
Armor: Animal skin       |    18 |    18 ||    36
       Skin              |       |    24 ||    24
Dodge: Dodged            |    82 |    49 ||   131

Table legend: (Time is in decaauts)
 A = Elapsed time spent in this place.
 B = Non-inter-level travel time spent in this place.
 C = Inter-level travel time spent in this place.
 D = Time resting spent in this place.
 E = Time spent auto-exploring this place.
 F = Levels seen in this place.
 G = Mean time per level.
                   A        B        C        D        E       F      G
               +--------+--------+--------+--------+--------+-----+--------+
         Total |   4589 |   4498 |     91 |   1978 |   2048 |   4 | 1147.2 |
       Dungeon |   4589 |   4498 |     91 |   1978 |   2048 |   4 | 1147.2 |
               +--------+--------+--------+--------+--------+-----+--------+

Top non-repeatable levels by time:
     D:2: 1739 daAuts
     D:3: 1450 daAuts
     D:1: 1379 daAuts
     D:4: 20 daAuts
